 Dungeon Crawl Stone Soup version 0.18.1-5-g4a78601 (webtiles) character file.

473 Goblin1989 the Covert (level 7, 0/34 HPs)
             Began as a Vine Stalker Assassin on May 12, 2016.
             Was an Initiate of Dithmenos.
             Slain by an orc wizard
             ... wielding a +4 dagger
              (2 damage)
             ... on level 5 of the Dungeon.
             The game lasted 00:09:27 (2880 turns).

Goblin1989 the Covert (Vine Stalker Assassin)       Turns: 2880, Time: 00:09:28

Health: 0/34       AC:  3    Str: 13    XL:     7   Next: 10%
Magic:  0/8        EV: 11    Int: 11    God:    Dithmenos [......]
Gold:   250        SH:  0    Dex: 18    Spells: 0 memorised, 6 levels left

rFire  . . .     SeeInvis .     b - +0 blowgun
rCold  . . .     Gourm    .     c - +0 robe
rNeg   . . .     Faith    .     (no shield)
rPois  .         Spirit   +     (no helmet)
rElec  .         Dismiss  .     d - +0 cloak
rCorr  +         Reflect  .     (no gloves)
SustAt +         Harm     .     (no boots)
MR     .....                    (no amulet)
Stlth  ++++......               v - ring of sustain attributes
                                g - ring of resist corrosion

@: not resistant to hostile enchantments, stealthy
A: fangs 2, regeneration 2, magic shield, antimagic bite, no device heal 3, rot
immunity
a: Renounce Religion


You were on level 5 of the Dungeon.
You worshipped Dithmenos.
Dithmenos was noncommittal.
You were not hungry.

You visited 2 branches of the dungeon, and saw 6 of its levels.

You collected 250 gold pieces.

Inventory:

Hand Weapons
 a - a +2 dagger
 b - a +0 blowgun (weapon)
Missiles
 e - 4 poisoned needles (quivered)
 u - 2 curare-tipped needles
Armour
 c - a +0 robe (worn)
 d - a +0 cloak (worn)
Jewellery
 g - a ring of resist corrosion (left hand)
 v - a ring of sustain attributes (right hand)
Scrolls
 h - 4 scrolls of amnesia {unknown}
 i - 3 scrolls of identify {unknown}
 j - a scroll of noise {unknown}
 k - a scroll of random uselessness {unknown}
 n - 2 scrolls of immolation {unknown}
 p - 2 scrolls of remove curse {unknown}
 q - a scroll of magic mapping {unknown}
 r - 2 scrolls of enchant weapon {unknown}
 t - a scroll of enchant armour {unknown}
Potions
 w - a potion of flight
Comestibles
 f - a chunk of flesh
 m - 5 bread rations
 s - 2 fruits


   Skills:
 - Level 1.7 Fighting
 * Level 4.2 Short Blades
 - Level 1.7 Throwing
 - Level 0.7 Dodging
 + Level 9.0 Stealth


You had 6 spell levels left.
You didn't know any spells.

Dungeon Overview and Level Annotations

Branches:
Dungeon (5/15)             Temple (1/1) D:4

Altars:
Ashenzari
Cheibriados
Dithmenos
Fedhas
Gozag
Makhleb
Nemelex Xobeh
Okawaru
Qazlal
Ru
Sif Muna
Trog
Vehumet
Yredelemnul
Zin
The Shining One

Annotations:
D:4 Rationalist's ghost, amateur DsBe


Innate Abilities, Weirdness & Mutations

You have extremely sharp teeth.
You heal very quickly.
When hurt, damage is shared between your health and your magic reserves.
Your bite disrupts and absorbs the magic of your enemies.
Potions and wands cannot restore your health.
You are immune to rotting.


Message History

The orc wizard barely misses you.
You are too injured to fight recklessly!
Unknown command.
Aim: an orc wizard, wielding an enchanted dagger and wearing a robe (heavily wounded, fast)
You shoot a poisoned needle.
The poisoned needle hits the orc wizard.
The orc wizard is poisoned.
The orc wizard hits you with an enchanted dagger. x2
You take 6 damage, and have 3/34 hp.
You now have 1/8 mp.
Aim: an orc wizard, wielding an enchanted dagger and wearing a robe (heavily wounded, fast, poisoned)
You shoot a poisoned needle.
The poisoned needle hits the orc wizard.
The orc wizard looks even sicker.
The orc wizard hits you but does no damage.
Aim: an orc wizard, wielding an enchanted dagger and wearing a robe (severely wounded, fast, poisoned)
Okay, then.
The orc wizard hits you with an enchanted dagger.
You take 3 damage, and have 1/34 hp.
You now have 0/8 mp.
The orc wizard hits you with an enchanted dagger.
You die...

.......#..<..#
..###.#.#.#.#
##.#..o....#.#
#..#.#(#...#.#
#..o.#Z#.###.#########
#oo###(#.##.........). #Z.#
#o#.##.(#########
#..###o#.##..#
#....@.#.##..# #######
.......###.##..# #......
.......+.#.##..# #.####.
.......#.#.....###.#..#.
.#.######.#..)#........#.
..........................
##.#.######.#.#.......#....
#......(.#.#############
........##.. .......


You could see an orc wizard, 2 orcs and a giant gecko zombie.

Vanquished Creatures
  An ice beast (D:5)
  A scorpion (D:4)
  A jelly (D:5)
  2 orc priests (D:3)
  A centaur skeleton (D:5)
  3 worker ants
  5 adders
  An ooze (D:1)
  A worm (D:3)
  4 giant geckos
  3 orcs (D:3)
  4 giant cockroaches
  6 hobgoblins
  6 jackals
  11 kobolds
  5 quokkas
  2 ball pythons
  7 bats
  3 giant newts
  13 goblins
  6 rats
86 creatures vanquished.

Notes
Turn   | Place    | Note
--------------------------------------------------------------
     0 | D:1      | Goblin1989 the Vine Stalker Assassin began the quest for the Orb.
     0 | D:1      | Reached XP level 1. HP: 11/11 MP: 2/2
    65 | D:1      | Reached skill level 5 in Stealth
   149 | D:1      | Reached XP level 2. HP: 14/15 MP: 3/3
   525 | D:1      | Reached XP level 3. HP: 17/18 MP: 4/4
   572 | D:1      | Reached skill level 6 in Stealth
  1099 | D:2      | Reached XP level 4. HP: 21/23 MP: 5/5
  1387 | D:2      | HP: 1/23 [poisoned by an adder]
  1392 | D:2      | HP: 1/23 [poisoned by an adder]
  1399 | D:2      | HP: 1/23 [poisoned by an adder]
  1407 | D:2      | HP: 1/23 [poisoned by an adder]
  1607 | D:3      | Reached skill level 7 in Stealth
  1695 | D:3      | Reached XP level 5. HP: 16/26 MP: 3/6
  1953 | D:3      | HP: 1/26 [orc priest/dagger (2)]
  2285 | D:4      | Reached skill level 8 in Stealth
  2285 | D:4      | Gained mutation: You heal very quickly. [Vine Stalker growth]
  2285 | D:4      | Reached XP level 6. HP: 17/30 MP: 4/7
  2286 | D:4      | Found a staircase to the Ecumenical Temple.
  2298 | Temple   | Entered the Ecumenical Temple
  2388 | Temple   | Became a worshipper of Dithmenos the Shadowed
  2478 | D:4      | Noticed Rationalist's ghost (amateur DsBe)
  2628 | D:5      | Entered Level 5 of the Dungeon
  2648 | D:5      | Noticed an ice beast
  2655 | D:5      | Killed an ice beast
  2744 | D:5      | Reached XP level 7. HP: 21/34 MP: 5/8
  2843 | D:5      | Reached skill level 9 in Stealth
  2879 | D:5      | HP: 1/34 [orc wizard/enchanted dagger (3)]
  2880 | D:5      | Slain by an orc wizard

Skill      XL: |  1  2  3  4  5  6  7 |
---------------+----------------------+-----
Stealth        | 5 6 7 8 9 |  9.0
Short Blades   | 2 3 4 |  4.2
Fighting       | |  1.7
Throwing       | |  1.7
Dodging        | |  0.7

Action                   |  1- 3 |  4- 6 |  7- 9 || total
-------------------------+-------+-------+-------++-------
Melee: Dagger            |   108 |   148 |     8 ||   264
       Bite              |    25 |    47 |     1 ||    73
 Fire: Blowgun           |     4 |    12 |     3 ||    19
  Use: Potion            |       |     5 |       ||     5
 Stab: Sleeping          |     7 |    10 |     1 ||    18
       Distracted        |       |     2 |       ||     2
  Eat: Chunk             |       |     4 |     1 ||     5
       Fruit             |       |     2 |       ||     2
Armor: Robe              |    20 |    40 |     3 ||    63
Dodge: Dodged            |    62 |   127 |     5 ||   194
